 Dungeon Crawl Stone Soup version 0.27-a0-1324-ge0d8e047f6 (webtiles) character file.

Game seed: 15228426547623178726

258 avis the Ruffian (level 5, -2/41 HPs)
             Began as a Draconian Transmuter on June 24, 2021.
             Slain by an orc priest (4 damage)
             ... on level 3 of the Dungeon.
             The game lasted 00:13:19 (3317 turns).

avis the Ruffian (Draconian Transmuter)             Turns: 3317, Time: 00:13:20

Health: -2/41      AC:  2    Str: 11 (13) XL:     5   Next: 94%
Magic:  8/9        EV: 19    Int: 10 (13) God:
Gold:   136        SH:  0    Dex: 16 (17) Spells: 4/10 levels left

rFire    . . .     SeeInvis .     - Unarmed
rCold    . . .     Faith    .   (shield currently unavailable)
rNeg     . . .     Spirit   .   (armour unavailable)
rPois    x         Reflect  .   (helmet currently unavailable)
rElec    .         Harm     .   (cloak currently unavailable)
rCorr    .         Rampage  .   (gloves currently unavailable)
Will     .....                  (boots currently unavailable)
Stlth    +.........             (no amulet)
HPRegen  0.13/turn              (no ring)
MPRegen  0.11/turn              (no ring)

@: spider-form (expiring)
A: venomous fangs, AC +5, tiny, unfitting armour, (cold-blooded)
a: End Transformation


You were on level 3 of the Dungeon.
You were a venomous arachnid creature.
You visited 1 branch of the dungeon, and saw 3 of its levels.

You collected 136 gold pieces.

Inventory:

Hand Weapons
 r - a +0 hunting sling
Missiles
 b - 6 poisoned darts
 d - 42 arrows
 f - 58 stones
 j - 31 sling bullets
Armour
 u - a scarf of repulsion (melded)
Jewellery
 p - a ring of positive energy
Wands
 l - a wand of polymorph (7)
Scrolls
 a - a scroll of magic mapping {unknown}
 e - 4 scrolls of identify {unknown}
 i - 2 scrolls of holy word {unknown}
 k - 3 scrolls of fear {unknown}
 n - a scroll of fog {unknown}
 q - a scroll of blinking {unknown}
 s - a scroll of brand weapon {unknown}
 v - a scroll of acquirement {unknown}
Potions
 c - a potion of haste {unknown}
 g - a potion of might {unknown}
 h - a potion of attraction {unknown}
 m - a potion of lignification {unknown}
 o - 2 potions of curing {unknown}
 t - 2 potions of degeneration


   Skills:
 - Level 2.0 Fighting
 - Level 2.0 Dodging
 + Level 4.0 Unarmed Combat
 - Level 3.0 Spellcasting
 + Level 3.3 Transmutations
 - Level 3.0 Poison Magic


You had 4 spell levels left.
You knew the following spells:

 Your Spells              Type           Power      Damage    Failure   Level
a - Beastly Appendage     Tmut           16%        N/A       21%         1
b - Wereblood             Tmut           8%         N/A       26%         2
p - Spider Form           Tmut/Pois      3%         N/A       45%         3

Your spell library contained the following spells:

 Spells                   Type           Power      Damage    Failure   Level
 Ice Form                 Ice/Tmut       4%         N/A       93%         4


Dungeon Overview and Level Annotations

Branches:
Dungeon (3/15)

Altars:
The Shining One


Innate Abilities, Weirdness & Mutations

You are a venomous arachnid creature.
You have poisonous fangs.
You are tiny and dextrous.
Your spellcasting is less reliable in this form.
Your armour is entirely melded.
You are incapable of wielding weapons or throwing items.
((Your plain brown scales are hard. (AC +5)))
You cannot fit into any form of body armour.
((You are cold-blooded and may be slowed by cold attacks.))


Message History

You hit the orc.
The orc is heavily wounded.
The adder bites you. The orc priest closely misses you.
The orc completely misses you. The adder completely misses you.
You barely miss the orc priest.
The orc priest hits you with a +0 hand axe.
The orc barely misses you. The adder misses you.
You bite the orc priest!
The orc priest looks as sick as possible!
The orc priest is severely wounded.
Your transformation is almost over.
You kill the orc priest!
The orc completely misses you. The adder closely misses you.
The orc priest looks satisfied for a moment.
Training target 3.0 for Poison Magic reached!
Your Unarmed Combat skill increases to level 4!
Your Poison Magic skill increases to level 3!
You hit the orc.
You kill the orc!
The adder bites you. The goblin hits you with a +0 club.
You barely miss the goblin. The adder bites you. The goblin misses you.
You barely miss the goblin. The adder completely misses you.
The goblin hits you but does no damage. The adder bites you.
You barely miss the goblin. The goblin misses you. The adder barely misses you.
You hit the goblin.
You kill the goblin!
The adder barely misses you.
The orc priest casts a cantrip, but nothing happens.
Things that are here:
a +0 club; a +0 hand axe; an orc corpse The orc priest calls down the wrath of Beogh upon you.
Beogh smites you!
* * * LOW HITPOINT WARNING * * *
The adder barely misses you.
Unknown command.
It was a potion of degeneration.
There was something very wrong with that liquid.
You feel weakened.
You feel dopey.
You feel clumsy. The orc priest hits you with a +0 mace.
You die...

#...#.#.#...#
#.......
#.#.#.#.#...#
#.......
#.....#.#...#
#.......
#.#.###.#
#.......
.......#.#
#.......
###.#.#.#.#
#.......
#.#.#.#.#
########
###...#.#'######
#.....osS).......
#................
#................
#................
#................
#................
#######..........
#.........


You could see an orc priest and an adder (poisoned).

Vanquished Creatures
  A scorpion (D:3)
  2 orc priests (D:3)
  Jessica (D:2)
  4 adders
  An ufetubus (D:2)
  A worm (D:2)
  A dart slug (D:3)
  7 orcs (D:3)
  6 ball pythons
  4 bats
  4 endoplasms
  7 giant cockroaches
  7 goblins
  7 hobgoblins
  3 kobolds
  2 quokkas
  A frilled lizard (D:1)
  7 rats
66 creatures vanquished.

Notes
Turn   | Place    | Note
-------+----------+-------------------------------------------
     0 | D:1      | avis the Draconian Transmuter began the quest for the Orb.
     0 | D:1      | Reached XP level 1. HP: 16/16 MP: 3/3
    57 | D:1      | You fall into a shaft and drop 1 floor!
   229 | D:1      | Reached XP level 2. HP: 19/23 MP: 3/5
   738 | D:1      | Found a faded altar of an unknown god.
   812 | D:1      | Learned a level 2 spell: Wereblood
  1096 | D:2      | Noticed Jessica
  1103 | D:2      | Killed Jessica
  1104 | D:2      | Reached XP level 3. HP: 28/29 MP: 7/7
  1112 | D:2      | Learned a level 3 spell: Spider Form
  1644 | D:2      | Reached XP level 4. HP: 36/36 MP: 6/8
  1951 | D:2      | Reached skill level 1 in Poison Magic
  2910 | D:3      | Found a glowing golden altar of the Shining One.
  2948 | D:3      | Noticed a scorpion
  2955 | D:3      | Killed a scorpion
  2956 | D:3      | Reached XP level 5. HP: 40/41 MP: 5/9
  3310 | D:3      | Reached skill level 4 in Unarmed Combat
  3316 | D:3      | HP: 1/41 [orc priest/divine providence (13)]
  3317 | D:3      | Slain by an orc priest

Illustrated notes

Levels and vault maps discovered:
D:1:      nzn_arrival_water_spiral, layout_basic, basic_ecumenical_altar
D:2:      layout_loops_ring, chequers_hall_statues_y, grunt_decor_clamped,
          minmay_worlds_worst_comb, uniq_jessica
D:3:      layout_basic, lemuel_crystal_altar, minmay_misc_feat_hallway

Skill      XL: |  1  2  3  4  5 |
---------------+----------------+-----
Spellcasting   | 3 |  3.0
Fighting       | 2 |  2.0
Dodging        | 2 |  2.0
Poison Magic   | 2 3 |  3.0
Transmutations | 3 |  3.3
Unarmed Combat | 4 |  4.0

Action                   |  1- 3 |  4- 6 || total
-------------------------+-------+-------++-------
Melee: Unarmed           |   113 |    79 ||   192
       Headbutt          |    15 |     3 ||    18
       Kick              |    12 |    11 ||    23
       Tailslap          |     9 |     5 ||    14
       Punch             |     1 |       ||     1
 Cast: Beastly Appendage |    28 |    12 ||    40
       Spider Form       |       |     8 ||     8
  Use: Potion            |       |     1 ||     1
Armor: Skin              |    40 |    11 ||    51
Dodge: Dodged            |    77 |    72 ||   149

Table legend: (Time is in decaauts)
 A = Elapsed time spent in this place.
 B = Non-inter-level travel time spent in this place.
 C = Inter-level travel time spent in this place.
 D = Time resting spent in this place.
 E = Time spent auto-exploring this place.
 F = Levels seen in this place.
 G = Mean time per level.
                   A        B        C        D        E       F      G
               +--------+--------+--------+--------+--------+-----+--------+
         Total |   3327 |   3110 |    217 |    808 |   1629 |   3 | 1109.0 |
       Dungeon |   3327 |   3110 |    217 |    808 |   1629 |   3 | 1109.0 |
               +--------+--------+--------+--------+--------+-----+--------+

Top non-repeatable levels by time:
     D:2: 1525 daAuts
     D:1: 998 daAuts
     D:3: 803 daAuts
